Map: [ESL] Solaris

Players

DRG

  • Race: Zerg Zerg
  • Spawn Location: 1:00

ByuN - Winner!

  • Race: Terran Terran
  • Spawn Location: 7:00

VOD

Have the link to the VOD?

Description

Time

  • Played on: Nov. 27, 2023, 3:50 a.m.
  • Length: 17:57
Show
View Real Time Build Order
Export as new Build Order

DRG Zerg 

Build Orders: Hatch First 

Get SALT Encoding   

  12  0:00  Drone  
  13  0:07  Drone  
  14  0:14  Drone, Extractor  
  15  0:36  Hatchery  
  15  0:40  Extractor  
  15  0:42  Drone  
  15  0:47  Overlord  
  15  1:04  Spawning Pool  
  15  1:05  Drone  
  15  1:10  Drone  
  16  1:13  Drone  
  16  1:15  Extractor  
  16  1:18  Drone  
  17  1:28  Drone  
  18  1:38  Drone  
  19  1:48  Drone  
  19  1:50  Queen x2  
  19  1:54  Drone  
  25  1:59  Drone  
  25  2:00  Drone  
  27  2:11  Overlord  
  27  2:12  Drone  
  28  2:19  Metabolic Boost  
  28  2:30  Drone x2  
  28  2:34  Drone  
  31  2:40  Hatchery  
  31  2:41  Overlord  
  31  2:44  Drone  
  31  2:46  Drone  
  32  2:52  Queen  
  32  2:55  Drone  
  32  2:57  Drone  
  36  3:00  Drone x2  
  36  3:03  Drone  
  36  3:05  Drone  
  40  3:09  Queen  
  42  3:14  Drone x2  
  42  3:18  Overlord  
  44  3:34  Overlord  
  44  3:35  Queen  
  44  3:37  Zergling x4  
  44  3:39  Drone x2  
  50  3:45  Queen  
  52  3:51  Overlord  
  52  3:52  Queen  
  52  3:53  Drone x2  
  56  3:57  Drone  
  56  3:58  Baneling Nest  
  56  4:00  Drone  
  57  4:04  Drone x4  
  61  4:11  Overlord  
  61  4:13  Drone, Queen  
  61  4:16  Drone  
  65  4:20  Drone x3  
  70  4:26  Zergling x8  
  74  4:31  Zergling x2  
  74  4:32  Zergling x2  
  74  4:34  Zergling x4  
  74  4:38  Lair  
  75  4:40  Extractor  
  75  4:41  Zergling x2, Extractor  
  75  4:43  Evolution Chamber  
  73  4:46  Zergling x8  
  73  4:49  Baneling x4  
  73  4:52  Zergling x4  
  79  4:56  Overlord  
  79  4:57  Overlord  
  79  5:06  Zergling x8  
  79  5:07  Zergling x6  
  74  5:12  Drone x2  
  72  5:18  Drone  
  73  5:22  Drone x5  
  73  5:26  Drone  
  79  5:31  Drone  
  79  5:34  Hatchery  
  79  5:36  Drone  
  79  5:38  Drone  
  79  5:40  Centrifugal Hooks, Zerg Ground Armor Level 1  
  81  5:43  Hatchery, Overlord  
  81  5:46  Queen  
  81  5:47  Queen  
  81  5:49  Overlord  
  84  5:51  Zergling x6  
  84  5:55  Zergling x6  
  90  5:57  Baneling x5  
  90  5:59  Zergling x2  
  90  6:01  Zergling x4  
  93  6:04  Zergling x6  
  93  6:06  Zergling x4  
  97  6:12  Zergling x4  
  97  6:18  Drone x4  
  102  6:19  Overlord  
  102  6:22  Queen, Overlord  
  102  6:23  Queen  
  106  6:27  Zergling x2  
  106  6:28  Zergling x6  
  110  6:33  Baneling x2  
  110  6:34  Zergling x2  
  110  6:35  Zergling x4  
  110  6:37  Overlord x2  
  113  6:43  Zergling x2  
  113  6:44  Baneling x5  
  114  6:47  Queen  
  114  6:49  Zergling x6  
  119  6:54  Drone  
  119  6:55  Evolution Chamber  
  119  6:56  Zergling x8  
  119  6:57  Baneling  
  119  6:58  Baneling x6  
  119  6:59  Zergling x6  
  119  7:01  Zergling x4  
  128  7:05  Zergling x8  
  132  7:12  Drone x5  
  136  7:20  Zergling x10  
  137  7:25  Zerg Melee Weapons Level 1  
  137  7:28  Overlord x2  
  137  7:30  Zergling x6  
  137  7:34  Zergling x6  
  143  7:37  Hatchery, Zerg Ground Armor Level 2  
  143  7:42  Zergling x4  
  143  7:43  Zergling x8  
  148  7:44  Drone  
  148  7:46  Overlord  
  149  7:51  Overlord x2  
  149  7:55  Zergling x8  
  149  7:58  Zergling x10  
  158  8:04  Zergling x2  
  158  8:05  Zergling x8  
  162  8:09  Zergling x8  
  162  8:10  Spore Crawler  
  165  8:14  Drone x4  
  165  8:18  Zergling x2  
  170  8:21  Zergling x8  
  170  8:23  Baneling  
  174  8:34  Zergling x8  
  153  8:35  Zergling x12  
  154  8:42  Zergling x2  
  154  8:44  Overseer  
  150  8:48  Drone  
  150  8:49  Drone x5  
  150  8:50  Zergling x2  
  155  8:57  Zergling x16  
  155  9:02  Zergling x4  
  165  9:04  Baneling  
  165  9:05  Baneling x17, Zergling x4  
  167  9:12  Zergling x8  
  167  9:15  Overseer  
  167  9:17  Zergling x4  
  172  9:19  Baneling x5  
  172  9:20  Baneling x3, Overlord  
  172  9:21  Zergling x4  
  141  9:32  Zergling x6  
  141  9:33  Zergling x10  
  141  9:34  Drone x3  
  141  9:35  Drone x2, Zergling x2  
  127  9:41  Drone  
  127  9:42  Drone x2  
  127  9:43  Spore Crawler, Overseer  
  127  9:44  Zergling x2  
  127  9:45  Zergling x4  
  128  9:47  Zerg Melee Weapons Level 2  
  128  9:48  Drone  
  128  9:49  Drone  
  128  9:51  Baneling x8  
  127  9:53  Pneumatized Carapace  
  127  9:55  Zergling x8  
  132  10:00  Zergling x4  
  132  10:01  Baneling x3  
  132  10:03  Drone  
  130  10:07  Drone x3  
  130  10:10  Drone x2  
  135  10:19  Drone x5  
  135  10:20  Hatchery, Baneling  
  135  10:21  Baneling x3  
  139  10:25  Extractor  
  139  10:27  Extractor  
  139  10:28  Zergling x10  
  142  10:33  Drone x3  
  145  10:37  Zergling x4  
  145  10:40  Hydralisk Den, Zerg Missile Weapons Level 1  
  146  10:44  Drone x3, Extractor  
  146  10:45  Overlord  
  148  10:50  Zergling x10  
  153  11:00  Zergling x8  
  153  11:01  Zergling x6  
  153  11:03  Drone x3  
  163  11:05  Spore Crawler  
  163  11:07  Spore Crawler  
  155  11:12  Zergling x10  
  155  11:17  Grooved Spines  
  157  11:18  Zergling x4  
  156  11:35  Drone  
  156  11:36  Drone x4  
  156  11:37  Spore Crawler, Hydralisk x5  
  169  11:40  Zergling x2  
  169  11:41  Zergling x8  
  169  11:45  Hydralisk x2  
  178  11:53  Drone x3  
  180  11:54  Spore Crawler  
  180  11:59  Hydralisk x6  
  171  12:07  Muscular Augments  
  166  12:10  Hydralisk x4  
  165  12:17  Zergling x12  
  165  12:20  Zergling x2  
  165  12:21  Baneling, Zergling x12  
  175  12:26  Hydralisk x2  
  175  12:29  Zergling x6  
  170  12:35  Zergling x10  
  160  12:37  Hydralisk x2  
  160  12:43  Hydralisk x3  
  167  12:45  Overseer  
  167  12:48  Overseer  
  167  12:53  Zergling x12  
  173  12:58  Overlord x2  
  173  13:00  Baneling x5  
  173  13:04  Zergling x10  
  178  13:12  Drone, Infestation Pit  
  179  13:13  Overlord x2  
  179  13:14  Baneling x3  
  179  13:17  Overlord  
  177  13:26  Zergling x2  
  177  13:27  Zergling x8  
  164  13:28  Baneling x3  
  164  13:33  Zergling x16  
  152  13:38  Zergling x20  
  152  13:41  Zergling x2  
  151  13:46  Zergling x10  
  146  13:49  Zergling x6  
  141  13:57  Zergling x6  
  141  13:59  Baneling x7  
  141  14:01  Zergling x12  
  149  14:03  Hive  
  149  14:05  Drone x2  
  149  14:08  Baneling x2  
  149  14:09  Overseer  
  140  14:17  Zergling x14  
  140  14:21  Zergling x4  
  146  14:27  Zergling x6  
  146  14:29  Hydralisk x2  
  147  14:36  Zergling x2  
  147  14:37  Zergling x6  
  150  14:42  Zergling x4  
  150  14:43  Overlord  
  150  14:48  Zergling x6  
  150  14:51  Hydralisk x2  
  142  14:55  Hydralisk x2  
  142  14:56  Baneling  
  142  14:58  Baneling x4  
  145  15:03  Zergling x8  
  145  15:06  Overseer  
  141  15:07  Overseer  
  141  15:08  Zergling x2  
  141  15:09  Zergling x6  
  141  15:10  Hydralisk  
  141  15:11  Zerg Missile Weapons Level 2  
  141  15:13  Zergling x2  
  128  15:21  Hydralisk x5  
  128  15:25  Zergling x2  
  128  15:26  Queen x2  
  137  15:31  Zergling x12  
  137  15:34  Zergling x2  
  137  15:35  Baneling x4, Zergling x4  
  136  15:41  Overseer  
  120  15:51  Hydralisk x2  
  120  15:52  Hydralisk x3  
  120  15:56  Drone  
  128  16:03  Overseer  
  125  16:05  Spawning Pool  
  125  16:06  Hatchery, Hydralisk x5  
  125  16:10  Hydralisk x2  
  135  16:15  Baneling x3  
  133  16:20  Drone  
  133  16:21  Drone x6  
  133  16:22  Drone  
  141  16:27  Hydralisk x2  
  138  16:51  Overseer  
  133  17:00  Zergling x20  
  133  17:01  Zergling x26  
  151  17:04  Viper  
  147  17:11  Viper  
  147  17:12  Zergling x6  
  147  17:15  Zergling x2  
  155  17:22  Zergling x4  
  151  17:24  Baneling x8  
  151  17:25  Baneling x8  
  151  17:26  Zergling x8  
  149  17:33  Zergling x12  
Show
View Real Time Build Order
Export as new Build Order

ByuN Terran - Winner!

Build Orders: Command Center First 

Get SALT Encoding   

  12  0:00  SCV  
  13  0:12  SCV  
  14  0:19  Supply Depot  
  14  0:24  SCV  
  15  0:41  SCV  
  16  0:53  SCV  
  17  1:01  Command Center  
  17  1:05  SCV  
  18  1:15  Barracks  
  18  1:17  SCV  
  19  1:23  Refinery  
  19  1:29  SCV  
  20  1:36  Barracks  
  20  1:41  SCV  
  21  1:54  SCV  
  22  2:01  Marine  
  22  2:06  Orbital Command  
  23  2:12  Orbital Command  
  23  2:19  Barracks  
  23  2:20  Barracks Reactor  
  23  2:23  Barracks Tech Lab  
  23  2:32  SCV  
  23  2:35  Barracks  
  24  2:39  SCV  
  24  2:42  Marine  
  26  2:44  SCV  
  28  2:51  SCV  
  28  2:52  Supply Depot  
  28  2:54  Stimpack  
  28  2:56  SCV  
  29  2:59  Marine x2  
  29  3:01  Marine  
  29  3:04  SCV  
  33  3:08  Barracks Tech Lab, SCV  
  34  3:16  SCV  
  34  3:17  Marine x2  
  34  3:19  Supply Depot  
  37  3:20  SCV  
  37  3:21  Marine x2  
  37  3:26  Marine  
  41  3:29  SCV  
  41  3:32  SCV  
  43  3:36  Marine  
  43  3:37  Combat Shield, Marine  
  43  3:39  Marine  
  43  3:40  Marine  
  47  3:42  Supply Depot  
  47  3:43  SCV  
  47  3:44  SCV  
  47  3:45  Marine  
  50  3:55  SCV, Marine x2  
  52  3:57  SCV  
  54  4:03  Supply Depot  
  54  4:04  Marine x3  
  54  4:06  Supply Depot  
  54  4:08  SCV  
  54  4:09  SCV  
  59  4:16  Marine x2  
  61  4:22  Marine  
  62  4:24  Marine x2, Command Center  
  62  4:28  Supply Depot  
  64  4:33  SCV  
  64  4:34  SCV, Marine x2  
  64  4:38  Factory  
  68  4:40  Refinery  
  68  4:42  Refinery  
  68  4:43  Marine, Barracks Reactor  
  68  4:44  Marine  
  70  4:51  SCV x2, Engineering Bay x2  
  72  5:03  SCV x2  
  72  5:06  Marine  
  69  5:07  Marine x2  
  69  5:10  Marine  
  66  5:15  SCV x2  
  66  5:20  Marine x2, Refinery  
  70  5:23  Factory Reactor  
  70  5:24  Starport, Marine  
  70  5:25  Marine x2  
  70  5:27  SCV x2  
  75  5:30  Terran Infantry Weapons Level 1  
  75  5:38  Orbital Command  
  75  5:41  Barracks  
  75  5:46  SCV x2  
  75  5:47  Terran Infantry Armor Level 1  
  75  5:49  Marine x3  
  80  5:51  Marine  
  80  5:52  Marine  
  80  5:53  Marine  
  83  5:57  Orbital Command  
  83  5:58  Supply Depot  
  83  6:08  SCV  
  84  6:12  Marine  
  84  6:13  Marine x4  
  84  6:14  Marine, Medivac  
  84  6:15  Factory Reactor, Medivac  
  84  6:17  SCV  
  91  6:20  SCV  
  91  6:23  Armory  
  91  6:25  Supply Depot  
  92  6:28  SCV  
  92  6:29  SCV  
  92  6:32  Marine x4  
  98  6:33  SCV, Barracks Reactor  
  98  6:35  Marine x2  
  101  6:40  SCV  
  101  6:41  SCV  
  101  6:45  Supply Depot, SCV  
  104  6:47  Medivac x2  
  104  6:53  SCV x2  
  110  6:55  Widow Mine x2  
  110  6:57  SCV  
  110  7:00  Supply Depot, Marine  
  110  7:01  Marine  
  117  7:06  Marine x4  
  117  7:07  SCV x2  
  117  7:08  Supply Depot  
  123  7:09  SCV  
  123  7:13  Marine  
  123  7:14  Marine  
  125  7:22  Widow Mine x2, Medivac x2  
  133  7:23  Supply Depot  
  133  7:29  Marine x5  
  139  7:30  Supply Depot  
  139  7:31  Marine  
  139  7:35  Terran Infantry Weapons Level 2  
  139  7:44  Widow Mine  
  141  7:45  Supply Depot, Marine x2  
  141  7:47  Marine x4  
  147  7:52  Medivac  
  147  7:53  Terran Infantry Armor Level 2  
  147  7:56  Command Center  
  149  8:04  Marine x4  
  149  8:05  Marine x4  
  157  8:12  Medivac  
  156  8:22  Marine x2, Medivac  
  160  8:27  Marine x4  
  154  8:40  Marine x4  
  140  8:42  Widow Mine x2  
  140  8:45  Marine x3  
  140  8:46  Terran Vehicle And Ship Armor Level 1  
  140  8:47  Barracks  
  142  8:48  Barracks x2  
  142  8:50  Marine  
  143  8:58  Supply Depot, Marine x4, Factory  
  143  9:01  Medivac x2  
  151  9:03  Marine, Widow Mine x2  
  151  9:05  Marine x2  
  151  9:08  Marine  
  159  9:15  Concussive Shells  
  159  9:16  Marine x4  
  163  9:20  SCV x2, Marine  
  163  9:22  Marine  
  163  9:23  Marine  
  163  9:24  SCV  
  169  9:25  Widow Mine x2  
  169  9:31  Marine  
  153  9:32  SCV x2  
  153  9:34  Marauder x2  
  153  9:35  Marine  
  153  9:36  SCV  
  153  9:37  Marine  
  128  9:44  SCV x2  
  130  9:46  Widow Mine x2  
  130  9:48  SCV  
  130  9:49  Marine x5  
  140  9:53  Marine x3  
  140  9:54  Marine  
  140  9:55  Marine x2  
  140  9:56  SCV x2  
  140  9:58  Planetary Fortress  
  148  10:00  SCV  
  148  10:05  Terran Infantry Weapons Level 3  
  149  10:07  Marine x2, Widow Mine  
  149  10:08  SCV x2  
  149  10:11  Barracks Tech Lab x3  
  149  10:12  SCV  
  150  10:20  SCV x2, Marine x4, Marauder x2  
  160  10:24  SCV  
  161  10:29  Marine x2  
  161  10:33  Marauder x2  
  161  10:35  Factory Tech Lab  
  167  10:38  SCV x3, Refinery  
  167  10:40  SCV  
  167  10:41  Marauder x2  
  175  10:45  Marauder  
  177  10:51  Marine x3  
  177  10:54  Marauder x2  
  176  10:57  Widow Mine x2  
  176  10:58  Marine  
  176  10:59  Marine x2  
  176  11:03  Marauder x2  
  185  11:06  Marauder  
  185  11:08  Marine  
  185  11:09  Marine  
  185  11:11  Marine  
  188  11:15  Marine, Marauder  
  188  11:27  Supply Depot  
  188  11:28  Supply Depot, Marine x2  
  188  11:29  Marine x4  
  188  11:30  Marauder x2  
  188  11:32  Marauder  
  196  11:35  Drilling Claws  
  196  11:48  Marine x3  
  196  11:49  Widow Mine  
  196  11:50  Marine  
  196  11:52  Marine x2  
  200  11:58  Widow Mine x2  
  200  11:59  Marauder  
  200  12:00  Marine  
  187  12:03  Marine x2  
  187  12:04  Marauder  
  186  12:10  Marauder, Widow Mine  
  186  12:13  Marine x4  
  186  12:14  Medivac x2  
  196  12:18  Marine x2  
  196  12:19  Widow Mine x2  
  196  12:20  Marauder  
  196  12:21  Marine x2  
  192  12:30  Marauder  
  192  12:31  Widow Mine  
  192  12:32  Marauder  
  192  12:33  Marine  
  192  12:34  Marine  
  181  12:39  Marine x5  
  181  12:44  Marauder x2  
  186  12:50  Marine  
  187  12:51  Marine  
  187  12:52  Marine, Widow Mine x2  
  187  12:53  Marine, Widow Mine  
  187  12:55  Command Center  
  187  12:56  Marine  
  187  12:57  Marine x3  
  200  13:13  Command Center  
  200  13:14  Command Center  
  200  13:26  Marine x3  
  200  13:27  Marine  
  194  13:33  Marauder x2  
  194  13:34  Marine x3, Marauder x2  
  184  13:39  Widow Mine x2  
  185  13:44  Marine x4  
  168  13:52  Marine x2  
  168  13:53  Marauder, Widow Mine  
  168  13:54  Marine x2  
  168  13:55  Marine, Marauder  
  175  14:00  Widow Mine  
  175  14:02  Marine x4  
  167  14:04  Widow Mine  
  170  14:10  Marine x2  
  170  14:13  Marine, Marauder x2  
  170  14:14  Marauder, Widow Mine  
  170  14:16  Marine  
  180  14:20  Marine x4  
  180  14:22  Widow Mine  
  179  14:27  Marine  
  179  14:30  Marine  
  169  14:32  Marauder  
  169  14:34  Marauder x3, Widow Mine  
  169  14:35  Marauder  
  169  14:36  Widow Mine  
  169  14:37  Marine x2  
  169  14:38  Marine x2  
  185  14:42  Planetary Fortress  
  183  14:45  Marine  
  183  14:48  Marine  
  167  14:53  Marauder, Widow Mine  
  167  14:55  Marine x6, Widow Mine  
  167  14:56  Marine x2  
  181  15:03  Marine  
  181  15:05  Marine  
  169  15:13  Marine x6, Medivac x2  
  166  15:14  Marauder, Widow Mine  
  166  15:15  Marauder  
  166  15:18  Marine  
  166  15:21  Marine  
  164  15:22  Widow Mine x2  
  164  15:25  Marine  
  161  15:31  Marine, Marauder x2  
  164  15:36  Marine x5  
  164  15:39  Marine  
  172  15:43  Medivac x2  
  172  15:46  Marine  
  172  15:48  Widow Mine  
  172  15:49  Marauder  
  158  15:52  Marine x2, Widow Mine  
  158  15:56  Marauder  
  153  15:57  Marine  
  153  15:58  Marine x4  
  153  15:59  Marine  
  156  16:04  Marine  
  156  16:10  Marine x3  
  160  16:13  Medivac x2  
  160  16:15  Marine  
  160  16:16  Marine x4  
  160  16:17  Siege Tank, Marine x2, Widow Mine x2  
  178  16:22  Marine  
  179  16:32  Marine  
  182  16:34  Marine  
  182  16:35  Marine  
  182  16:36  Marine x2  
  182  16:39  Marauder x2  
  194  16:40  Marauder x3  
  194  16:43  Medivac x2  
  194  16:46  Marine  
  193  16:48  Orbital Command  
  193  16:50  Marine  
  193  16:51  Marine  
  193  16:52  Widow Mine x2  
  193  16:53  Marine x2  
  193  16:54  Marine  
  199  16:59  Widow Mine  
  199  17:00  Marine x2  
  191  17:05  Marine x3  
  191  17:07  Marine  
  193  17:11  Orbital Command  
  193  17:12  Orbital Command  
  193  17:14  Widow Mine  
  193  17:15  Marine x2  
  195  17:17  Ghost Academy, Command Center  
  195  17:18  Command Center, Marauder  
  195  17:19  Marine x2  
  199  17:26  Marine  
  198  17:37  Marine  
Tags
 
Add a new tag
Caveats
  • Supply blocks, unpowered buildings, or Contaminate may cause inaccurate times.
  • Supply counts are checked every 10 seconds.